 Dungeon Crawl Stone Soup version 0.18.1-1-g2f07953 (webtiles) character file.

6012 pipel the Cleaver (level 10, -3/94 HPs)
             Began as a Hill Orc Berserker on May 6, 2016.
             Was an Elder of Trog.
             Slain by a fire elemental (9 damage)
             ... led by Azrael
             ... on level 11 of the Dungeon.
             The game lasted 00:27:19 (2439 turns).

pipel the Cleaver (Hill Orc Berserker)              Turns: 2439, Time: 00:27:20

Health: -3/94      AC: 14    Str: 22    XL:     10   Next: 86%
Magic:  10/10      EV: 10    Int:  7    God:    Trog [****..]
Gold:   387        SH:  0    Dex: 12    Spells: 0 memorised, 9 levels left

rFire  . . .     SeeInvis .     e - +0 war axe (drain)
rCold  + . .     Gourm    .     g - +1 chain mail
rNeg   . . .     Faith    .     (no shield)
rPois  .         Spirit   .     k - +0 helmet
rElec  .         Dismiss  .     (no cloak)
rCorr  .         Reflect  .     l - +0 pair of gloves
SustAt .         Harm     .     (no boots)
MR     +....                    (no amulet)
Stlth  ..........               r - ring of protection from cold
                                f - +2 ring of slaying

@: exhausted, flying, slowed, very slow, somewhat resistant to hostile
enchantments, extremely unstealthy
A: deterioration 1, magic resistance 1, MP-powered wands
a: Berserk, Trog's Hand, Brothers in Arms, Burn Spellbooks, Renounce Religion


You were on level 11 of the Dungeon.
You worshipped Trog.
Trog was greatly pleased with you.
You were very hungry.

You visited 2 branches of the dungeon, and saw 13 of its levels.

You collected 387 gold pieces.

Inventory:

Hand Weapons
 a - a +1 hand axe
 e - a +0 war axe of draining (weapon)
 w - a +0 battleaxe
 D - a +0 battleaxe
Armour
 b - a +0 animal skin
 g - a +1 chain mail (worn)
 k - a +0 helmet (worn)
 l - a +0 pair of gloves (worn)
 v - a +1 leather armour of fire resistance
Jewellery
 f - a +2 ring of slaying (left hand)
 q - an uncursed ring of positive energy
 r - a ring of protection from cold (right hand)
Wands
 o - a wand of random effects (0/48)
 u - a wand of digging (16/24)
Scrolls
 m - a scroll of fog
 p - a scroll of enchant weapon
 y - a scroll of holy word
 C - a scroll of brand weapon
Potions
 d - 3 potions of brilliance
 t - a potion of curing
 A - a potion of lignification
Books
 h - a book of Conjurations

   Spells                             Type                      Level
   a - Magic Dart                     Conjuration                  1
   b - Searing Ray                    Conjuration                  2
   c - Dazzling Spray                 Conjuration/Hexes            3
   d - Fulminant Prism                Conjuration/Hexes            4
   e - Iskenderun's Mystic Blast      Conjuration                  4
   f - Iskenderun's Battlesphere      Conjuration/Charms           5
   Trog disapproves of the use of such an item.
 x - a book of Conjurations

   Spells                             Type                      Level
   a - Magic Dart                     Conjuration                  1
   b - Searing Ray                    Conjuration                  2
   c - Dazzling Spray                 Conjuration/Hexes            3
   d - Fulminant Prism                Conjuration/Hexes            4
   e - Iskenderun's Mystic Blast      Conjuration                  4
   f - Iskenderun's Battlesphere      Conjuration/Charms           5
   Trog disapproves of the use of such an item.
 z - a book of Unlife

   Spells                             Type                      Level
   a - Recall                         Summoning/Translocation      3
   b - Animate Dead                   Necromancy                   4
   c - Control Undead                 Necromancy                   4
   d - Cigotuvi's Embrace             Necromancy                   5
   e - Death Channel                  Necromancy                   6
   f - Simulacrum                     Ice/Necromancy               6
   Trog disapproves of the use of such an item.
 B - a book of Party Tricks

   Spells                             Type                      Level
   a - Summon Butterflies             Summoning                    1
   b - Apportation                    Translocation                1
   c - Tukima's Dance                 Hexes                        3
   d - Alistair's Intoxication        Transmutation/Poison         5
   e - Invisibility                   Hexes                        6
   Trog disapproves of the use of such an item.
Comestibles
 c - 5 bread rations
 i - a beef jerky
 n - a royal jelly
 s - 2 meat rations


   Skills:
 + Level 10.3 Fighting
 + Level 12.4 Axes
 + Level 0.3 Throwing
 + Level 8.2 Armour
 + Level 5.9 Dodging
 + Level 0.6 Stealth
 + Level 1.1 Evocations


You had 9 spell levels left.
You didn't know any spells.

Dungeon Overview and Level Annotations

Branches:
Dungeon (12/15)               Orc (1/2) D:10
 Temple: D:4-7         Lair: D:8-11

Altars:
Okawaru
Qazlal
Xom
Yredelemnul

Annotations:
D:12 Azrael


Innate Abilities, Weirdness & Mutations

Your body sometimes deteriorates upon taking damage.
You are resistant to hostile enchantments.
You expend magic power (3 MP) to strengthen your wands.


Message History

You feel your anger subside.
You are no longer berserk.
You are exhausted.
You feel yourself slow down.
You are feeling very hungry.
There is a stone staircase leading down here.
You now have 26/94 hp.
Unknown command.
You slice the fire elemental!!
The fire elemental is severely damaged.
The fire elemental hits you. The fire elemental burns you!
* * * LOW HITPOINT WARNING * * *
The fire elemental hits you. The fire elemental burns you!
* * * LOW HITPOINT WARNING * * *
You take 20 damage, and have 6/94 hp.
MASSIVE DAMAGE!!
Drink which item? (? for menu, Esc to quit)
It was a potion of flight.
You feel very buoyant.
You fly up into the air.
The fire elemental barely misses you. The fire elemental hits you.
The fire elemental burns you!
You die...

#...##...W.... ....
...<...# ####. ...#
#....### #....## ...#
...5.# #.....# ...#
.....# ##...#^##...#
#..... ....#....#
####.#####.. #...##
##..##...###.#.##
..............@.#
#..........#E.......#
##.....#######.#.##.#
#.........# .#.#
#.....###.# .# #
#.....# .. ## #.....#
#. .## #.....# .#
..###.....####.


You could see a fire elemental.

Vanquished Creatures
  An unseen horror (D:11)
  2 hill giants
  Pikel (D:5)
  2 trolls
  2 two-headed ogres
  A shadow (D:11)
  A hippogriff (D:12)
  Duvessa (D:5)
  3 orc warriors (D:10)
  A phantom (D:11)
  7 ogres
  2 centaurs
  A crocodile (D:11)
  2 giant frogs
  4 big kobolds
  A gnoll sergeant (D:10)
  Dowan (D:5)
  A scorpion (D:5)
  5 wights (D:11)
  4 howler monkeys (D:7)
  4 crimson imps
  2 centaur zombies (D:7)
  A jelly (D:12)
  2 quasits
  A giant frog zombie (D:7)
  3 orc priests
  A centaur skeleton (D:11)
  A giant frog skeleton (D:8)
  Jessica (D:3)
  2 iguanas (D:6)
  5 orc wizards
  A worker ant (D:6)
  A hound skeleton (D:5)
  5 gnolls
  5 adders
  An adder zombie (D:5)
  2 adder skeletons
  A worm (D:6)
  A dart slug (D:5)
  5 giant geckos
  20 orcs
  A ball python (D:2)
  A bat (D:2)
  3 giant cockroaches
  4 goblins
  2 hobgoblins
  3 jackals (D:10)
  A giant cockroach zombie (D:5)
  A giant newt (D:2)
  9 kobolds
  A quokka zombie (D:5)
  3 rats
137 creatures vanquished.

Vanquished Creatures (collateral kills)
  A giant frog (D:5)
1 creature vanquished.

Vanquished Creatures (others)
  A ball python (D:5)
  A quokka (D:5)
2 creatures vanquished.

Grand Total: 140 creatures vanquished

Notes
Turn   | Place    | Note
--------------------------------------------------------------
     0 | D:1      | pipel the Hill Orc Berserker began the quest for the Orb.
     0 | D:1      | Reached XP level 1. HP: 19/19 MP: 1/1
   261 | D:2      | Reached XP level 2. HP: 27/27 MP: 2/2
   278 | D:2      | Found a stormy altar of Qazlal.
   434 | D:3      | Reached XP level 3. HP: 34/34 MP: 3/3
   444 | D:2      | Found an iron altar of Okawaru.
   444 | D:2      | Found a shimmering altar of Xom.
   534 | D:3      | Reached XP level 4. HP: 20/41 MP: 4/4
   534 | D:3      | Reached ** piety under Trog
   534 | D:3      | Reached skill level 5 in Fighting
   534 | D:3      | Reached skill level 5 in Axes
   571 | D:3      | Noticed Jessica
   574 | D:3      | Killed Jessica
   574 | D:3      | Reached XP level 5. HP: 31/48 MP: 5/5
   634 | D:5      | Entered Level 5 of the Dungeon
   802 | D:5      | Noticed Duvessa
   803 | D:5      | Noticed Dowan
   806 | D:5      | Gained mutation: You expend magic power (3 MP) to strengthen your wands. [potion of mutation]
   806 | D:5      | Gained mutation: Your body sometimes deteriorates upon taking damage. [potion of mutation]
   806 | D:5      | Gained mutation: You are resistant to hostile enchantments. [potion of mutation]
   812 | D:5      | Killed Duvessa
   812 | D:5      | Reached XP level 6. HP: 56/56 MP: 6/6
   817 | D:5      | Killed Dowan
   817 | D:5      | Reached skill level 6 in Axes
   866 | D:5      | Noticed Pikel
   866 | D:5      | Noticed a slave
   866 | D:5      | Noticed a slave
   867 | D:5      | Noticed a slave
   869 | D:5      | Noticed a freed slave
   873 | D:5      | Killed Pikel
   873 | D:5      | Reached skill level 5 in Armour
   873 | D:5      | Reached XP level 7. HP: 63/63 MP: 3/7
   900 | D:6      | Reached skill level 7 in Axes
   992 | D:6      | Reached XP level 8. HP: 53/71 MP: 8/8
  1135 | D:7      | Found a basalt altar of Yredelemnul.
  1217 | D:8      | Reached skill level 8 in Axes
  1227 | D:8      | Reached *** piety under Trog
  1282 | D:9      | Noticed a two-headed ogre
  1290 | D:9      | Killed a two-headed ogre
  1327 | D:10     | Entered Level 10 of the Dungeon
  1490 | D:7      | Reached skill level 9 in Axes
  1519 | D:7      | Reached XP level 9. HP: 77/79 MP: 9/9
  1738 | D:10     | Noticed a hill giant
  1752 | D:10     | Killed a hill giant
  1752 | D:10     | Reached skill level 10 in Axes
  1842 | D:11     | Noticed a troll
  1849 | D:11     | Killed a troll
  1947 | D:10     | Found a staircase to the Orcish Mines.
  1947 | D:10     | Noticed a troll
  1960 | D:10     | Reached skill level 1 in Evocations
  1961 | D:10     | Reached skill level 11 in Axes
  1963 | D:10     | Killed a troll
  1963 | D:10     | Reached **** piety under Trog
  1963 | D:10     | Reached XP level 10. HP: 41/91 MP: 10/10
  2019 | D:10     | Reached skill level 5 in Dodging
  2035 | Orc:1    | Entered Level 1 of the Orcish Mines
  2180 | D:12     | Noticed a hill giant
  2187 | D:12     | Killed a hill giant
  2260 | D:11     | Reached skill level 10 in Fighting
  2314 | D:11     | Reached skill level 12 in Axes
  2353 | D:11     | Killed an unseen horror
  2433 | D:12     | Noticed Azrael
  2439 | D:11     | Slain by a fire elemental

Skill      XL: |  1  2  3  4  5  6  7  8  9 10 |
---------------+-------------------------------+-----
Fighting       | 4 5 6 7 9 10 | 10.3
Axes           | 5 6 7 9 11 12 | 12.4
Dodging        | 2 3 4 5 |  5.9
Armour         | 3 5 6 7 8 |  8.2
Evocations     | 1 |  1.1
Throwing       | |  0.3
Stealth        | |  0.6

Action                   |  1- 3 |  4- 6 |  7- 9 | 10-12 || total
-------------------------+-------+-------+-------+-------++-------
Melee: Hand axe          |    41 |    36 |    24 |       ||   101
       War axe           |       |       |   148 |   109 ||   257
Throw: Throwing net      |       |       |       |     1 ||     1
Invok: Berserk           |     3 |     3 |     8 |     5 ||    19
       Trog's Hand       |       |       |     1 |       ||     1
       Burn Spellbooks   |       |       |       |     1 ||     1
Evoke: Wand              |       |     1 |     2 |     1 ||     4
  Use: Scroll            |     3 |     5 |     3 |       ||    11
       Potion            |     4 |     2 |       |     6 ||    12
  Eat: Chunk             |     2 |     3 |    12 |     7 ||    24
Armor: Chain mail        |    43 |    19 |   109 |    82 ||   253
       Skin              |       |       |       |    50 ||    50
Dodge: Dodged            |    30 |    15 |   100 |    77 ||   222
